 Dungeon Sprint DCSS version 0.31-a0-1-g4198be8af4 (webtiles) character file.

Game seed: 9415442251811098988

1428 Conn the Arsonist (level 8, -15/46 HPs)
             Began as an Octopode Fire Elementalist on May 1, 2023.
             Was a Follower of Sif Muna.
             Shot with an arrow by a centaur warrior (27 damage)
             ... in the Dungeon (Sprint I: "Red Sonja").
             The game lasted 00:08:50 (606 turns).

Conn the Arsonist (Octopode Fire Elementalist)       Turns: 606, Time: 00:08:50

Health: -15/46     AC:  1    Str:  7    XL:     8   Next: 72%
Magic:  12/21      EV: 15    Int: 19    God:    Sif Muna [*.....]
Gold:   723        SH:  0    Dex: 13    Spells: 16/26 levels left

rFire   . . .        g - +1 short sword (distort)
rCold   . . .        (no shield)
rNeg    . . .        (helmet restricted)
rPois   .            (no amulet)
rElec   .            (no ring)
rCorr   .            (no ring)
SInv    .            (no ring)
Will    .....        (no ring)
Stlth   +++++        (no ring)
HPRegen 0.27/turn    (no ring)
MPRegen 0.17/turn    (no ring)
                     (no ring)

%: no teleportation
@: no status effects
A: almost no armour, amphibious, 8 rings, camouflage 1, gelatinous body 1,
(nimble swimmer 1), tentacles
a: Renounce Religion, Channel Magic


You were in the Dungeon.
You worshipped Sif Muna.
Sif Muna was aware of your devotion.
You visited 1 branch You collected 723 gold pieces.

Inventory:

Hand Weapons
 g - a +1 short sword of distortion (weapon)
Wands
 d - a wand of charming (10)
 k - a wand of polymorph (8)
Scrolls
 i - a scroll of identify {unknown}
Potions
 a - 3 potions of magic
 b - 5 potions of curing
 c - a potion of heal wounds
 e - 2 potions of degeneration {unknown}
 j - a potion of brilliance {unknown}
 l - 2 potions of berserk rage


   Skills:
 + Level 0.7 Throwing
 + Level 6.1 Dodging
 + Level 8.0 Stealth
 + Level 9.6 Spellcasting
 + Level 3.6 Conjurations
 + Level 0.7 Hexes
 + Level 13.5 Fire Magic
 + Level 0.3 Evocations


You had 16 spell levels left.
You knew the following spells:

 Your Spells              Type           Power      Damage    Failure   Level
a - Foxfire               Conj/Fire      100%       2x1d9     1%          1
b - Scorch                Fire           100%       2d9       1%          2
c - Inner Flame           Hex/Fire       36%        N/A       1%          3
d - Flame Wave            Conj/Fire      41%        2d11      2%          4

Your spell library contained the following spells:

 Spells                   Type           Power      Damage    Failure   Level
 Volatile Blastmotes      Fire/Tloc      68%        2d15      1%          3


Dungeon Overview and Level Annotations

Branches:
Dungeon (1/1)

Altars:
Cheibriados
Dithmenos
Elyvilon
Fedhas
Gozag
Hepliaklqana
Kikubaaqudgha
Nemelex Xobeh
Okawaru
Qazlal
Ru
Sif Muna
Trog
Uskayaw
Vehumet
Wu Jian
Yredelemnul
Zin
The Shining One

Shops:
D ?[[


Innate Abilities, Weirdness & Mutations

You cannot wear most types of armour.
You are amphibious.
You can wear up to eight rings at the same time.
Your skin changes colour to match your surroundings (Stealth+).
Your rubbery body absorbs attacks. (AC +1, EV +1)
((You are camouflaged when in or above water. (Stealth+)))
You have tentacles for arms and can constrict up to eight enemies at once.


Message History

The centaur warrior's fire resistance burns away.
Casting: Scorch (safe; 1% risk of failure)
Confirm with . or Enter, or press ? or * to list all spells.
Flames lash the centaur warrior.
The centaur warrior is burned terribly!
Flame seeps out of the centaur warrior.
The centaur warrior is severely wounded.
The centaur warrior is engulfed in blazing flames.
Flame seeps out of the centaur warrior.
The centaur warrior unwields a +0 shortbow.
The centaur warrior hits you. The centaur warrior kicks you.
* * * LOW HITPOINT WARNING * * *
Unknown command.
Unknown command.
Unknown command.
Unknown command.
Press: ? - help, v - describe, . - travel
Here: a centaur warrior (almost dead, inner flame, more vulnerable to fire, ally target)
The floor, spattered with blood.
Unknown command.
Unknown command.
Unknown command.
Unknown command.
Unknown command.
Unknown command.
Okay, then.
Unknown command.
Unknown command.
Okay, then.
Unknown command.
Unknown command.
Blink to where?
Press: ? - help, Dir - move target, p - centaur warrior
As you read the scroll of blinking, it crumbles to dust.
The foxfire hits the centaur warrior.
The centaur warrior is burned terribly!
Flame seeps out of the centaur warrior.
The centaur warrior is almost dead.
The centaur warrior wields a +0 shortbow.
The centaur warrior shoots an arrow.
The arrow hits you!!
Ouch! That really hurt!
You die...

#.[#####'#####'# ##
#..####..#...#.####!§#
#..#__####..##.#§§§§c#
#..#_____##†#_.+§§~§.+
#⌠⌠#_.∩...'..._#§§§.
####_..__##_.#'##§###
#_____###'#§#.§..###
############.####§###.##
#∩......@.'...§c.§..'[∩#
###++++####...##########
###.### #.#'#.# #.....#
#...[.# #######


You could see a centaur warrior (inner flame, combustible).

Vanquished Creatures
  Sonja (D)
  A deep troll (D)
  Sigmund (D)
  A yak (D)
  An ogre (D)
  A jelly (D)
  Ijyb (D)
  A ballistomycete spore (D)
8 creatures vanquished.

Vanquished Creatures (others)
  A ballistomycete spore (D)
  27 foxfires (D)
28 creatures vanquished.

Grand Total: 36 creatures vanquished

Notes
Turn   | Place    | Note
-------+----------+-------------------------------------------
     0 | D        | Conn the Octopode Fire Elementalist began the quest for the
                  | Orb.
     0 | D        | Reached XP level 1. HP: 11/11 MP: 3/3
     2 | D        | Noticed Ijyb
     9 | D        | Killed Ijyb
    10 | D        | Reached skill level 5 in Fire Magic
    10 | D        | Reached XP level 2. HP: 15/17 MP: 3/6
    10 | D        | Reached XP level 3. HP: 19/21 MP: 3/7
    50 | D        | Learned a level 2 spell: Scorch
    54 | D        | Learned a level 3 spell: Inner Flame
    66 | D        | Noticed an ogre
    72 | D        | Noticed Sigmund
    82 | D        | Killed Sigmund
    83 | D        | Reached skill level 5 in Stealth
    83 | D        | Reached skill level 5 in Spellcasting
    83 | D        | Reached skill level 8 in Fire Magic
    83 | D        | Reached XP level 4. HP: 27/27 MP: 0/11
    83 | D        | Reached XP level 5. HP: 31/31 MP: 0/12
   104 | D        | Killed an ogre
   105 | D        | Reached skill level 9 in Fire Magic
   200 | D        | Learned a level 4 spell: Flame Wave
   213 | D        | Found a shimmering blue altar of Sif Muna.
   214 | D        | Found an ornate altar of the Wu Jian Council.
   215 | D        | Found a radiant altar of Vehumet.
   219 | D        | Became a worshipper of Sif Muna the Loreminder
   223 | D        | Reached XP level 6. HP: 27/36 MP: 6/14
   302 | D        | Found Leohoewk's Antique Armour Emporium.
   302 | D        | Found an ancient bone altar of Kikubaaqudgha.
   302 | D        | Found a hazy altar of Hepliaklqana.
   302 | D        | Found a stormy altar of Qazlal.
   302 | D        | Found a hide-covered altar of Uskayaw.
   302 | D        | Found a blossoming altar of Fedhas.
   302 | D        | Found a bloodstained altar of Trog.
   302 | D        | Found an iron altar of Okawaru.
   302 | D        | Found a basalt altar of Yredelemnul.
   302 | D        | Found a glowing golden altar of the Shining One.
   302 | D        | Found a snail-covered altar of Cheibriados.
   302 | D        | Found a sacrificial altar of Ru.
   302 | D        | Found a glowing silver altar of Zin.
   302 | D        | Found a shadowy altar of Dithmenos.
   302 | D        | Found a white marble altar of Elyvilon.
   302 | D        | Noticed a yak
   311 | D        | Killed a yak
   312 | D        | Reached skill level 5 in Dodging
   312 | D        | Reached skill level 10 in Fire Magic
   315 | D        | Found an opulent altar of Gozag.
   316 | D        | Found a sparkling altar of Nemelex Xobeh.
   365 | D        | Noticed Sonja
   368 | D        | Killed Sonja
   368 | D        | Reached * piety under Sif Muna
   369 | D        | Reached skill level 12 in Fire Magic
   369 | D        | Reached XP level 7. HP: 41/41 MP: 10/19
   369 | D        | Reached XP level 8. HP: 46/46 MP: 10/20
   447 | D        | Identified the +3 ring mail of Starshine {rElec Int-4 Dex+3
                  | Stlth+}
   466 | D        | Found Aneirgh's Magic Scroll Boutique.
   496 | D        | Noticed a deep troll
   509 | D        | Killed a deep troll
   510 | D        | Reached skill level 13 in Fire Magic
   569 | D        | Found Tiohof's Armour Emporium.
   593 | D        | Noticed a centaur warrior
   597 | D        | Noticed a centaur warrior
   606 | D        | Shot with an arrow by a centaur warrior

Illustrated notes

Levels and vault maps discovered:
D:        dungeon_sprint_1 [red_sonja_temple_1, red_sonja_temple_small_1]

Skill      XL: |  1  2  3  4  5  6  7  8 |
---------------+-------------------------+-----
Stealth        | 3 5 7 8 |  8.0
Spellcasting   | 3 5 8 9 |  9.6
Fire Magic     | 5 8 9 12 13 | 13.5
Dodging        | 4 5 6 |  6.1
Conjurations   | 2 3 |  3.6
Throwing       | |  0.7
Hexes          | |  0.7
Evocations     | |  0.3

Action                     |  1- 3 |  4- 6 |  7- 9 || total
---------------------------+-------+-------+-------++-------
  Melee: Unarmed           |     5 |       |       ||     5
         Constrict         |     1 |       |       ||     1
         Punch             |     1 |       |       ||     1
         Tentacles         |     1 |       |       ||     1
  Throw: Dart              |       |       |     4 ||     4
   Cast: Foxfire           |     3 |    10 |     3 ||    16
         Scorch            |     3 |     5 |     5 ||    13
         Inner Flame       |       |       |     2 ||     2
  Evoke: Wand              |     1 |       |       ||     1
    Use: Potion            |     2 |       |       ||     2
         Scroll            |       |       |     1 ||     1
  Dodge: Dodged            |     1 |     3 |       ||     4

Table legend: (Time is in decaauts)
 A = Elapsed time spent in this place.
 B = Non-inter-level travel time spent in this place.
 C = Inter-level travel time spent in this place.
 D = Time resting spent in this place.
 E = Time spent auto-exploring this place.
 F = Levels seen in this place.
 G = Mean time per level.
                   A        B        C        D        E       F      G
               +--------+--------+--------+--------+--------+-----+--------+
         Total |    601 |    601 |      0 |    251 |      0 |   1 |  601.0 |
       Dungeon |    601 |    601 |      0 |    251 |      0 |   1 |  601.0 |
               +--------+--------+--------+--------+--------+-----+--------+

Top non-repeatable levels by time:
       D: 601 daAuts
